Map: Acolyte LE

Players

uThermal - Winner!

  • Race: Terran Terran
  • Spawn Location: 1:00

BackupC (Dolan)

  • Race: Terran Terran
  • Spawn Location: 7:00

Event: WCS Montreal 2017

VOD

Have the link to the VOD?

Description

Time

  • Played on: Sept. 8, 2017, 4:13 p.m.
  • Length: 12:25

All games in this series

Show
View Real Time Build Order
Export as new Build Order

uThermal Terran - Winner!

Build Orders: Gas First Reaper Expand, Reaper Expand, Bio Tank 

Get SALT Encoding   

  12  0:02  SCV  
  13  0:14  SCV  
  14  0:19  Supply Depot  
  14  0:26  SCV  
  15  0:28  Refinery  
  15  0:41  SCV  
  16  0:46  Barracks  
  16  0:53  SCV  
  17  1:05  SCV  
  18  1:17  SCV  
  19  1:33  Orbital Command, Reaper  
  20  1:47  Command Center  
  20  1:58  Factory  
  20  2:02  SCV  
  21  2:08  Barracks Reactor  
  21  2:15  SCV  
  22  2:20  Supply Depot  
  22  2:23  Refinery  
  22  2:27  SCV  
  23  2:41  SCV  
  25  2:44  Hellion  
  25  2:45  Starport  
  25  2:46  Marine  
  25  2:48  Marine  
  26  3:01  SCV  
  26  3:04  Orbital Command  
  26  3:06  Marine  
  26  3:07  Marine  
  26  3:28  SCV  
  26  3:31  SCV  
  26  3:35  Marine x2  
  26  3:40  SCV  
  29  3:43  SCV  
  29  3:47  Factory Tech Lab  
  30  3:52  SCV  
  30  3:55  SCV  
  31  4:04  SCV  
  31  4:05  Marine  
  31  4:06  Marine  
  31  4:07  SCV  
  35  4:11  Raven  
  35  4:14  Factory Tech Lab  
  35  4:16  Supply Depot, SCV  
  38  4:20  SCV  
  39  4:25  Command Center  
  39  4:28  SCV  
  40  4:32  SCV  
  41  4:38  Marine x2  
  41  4:40  SCV  
  41  4:42  Siege Tank  
  47  4:46  SCV, Refinery x2  
  47  4:51  Supply Depot  
  47  4:52  SCV  
  49  4:54  Raven  
  49  4:56  Marine  
  49  4:57  Marine  
  49  4:58  SCV  
  54  5:02  Supply Depot  
  54  5:13  SCV x2  
  56  5:14  Siege Tank, Marine  
  56  5:15  Marine  
  61  5:24  Supply Depot  
  61  5:25  SCV x2  
  63  5:30  Engineering Bay  
  63  5:31  Engineering Bay  
  63  5:37  SCV  
  63  5:39  Orbital Command  
  63  5:40  SCV  
  65  5:45  Starport Reactor  
  65  5:51  SCV  
  65  5:55  Barracks, Marine  
  67  5:58  Barracks  
  67  5:59  Stimpack  
  67  6:00  SCV  
  67  6:02  Terran Infantry Weapons Level 1  
  67  6:03  SCV  
  69  6:06  SCV  
  69  6:07  Terran Infantry Armor Level 1  
  70  6:12  SCV  
  70  6:13  Siege Tank, Marine  
  70  6:15  SCV  
  76  6:19  Supply Depot, SCV  
  77  6:31  Starport Reactor  
  77  6:32  Barracks x2  
  77  6:34  Marine  
  77  6:39  Armory  
  78  6:41  Supply Depot  
  78  6:45  Marine x2  
  79  6:47  Siege Tank  
  79  6:51  Marine x2  
  79  6:52  Marine  
  85  6:54  Supply Depot  
  85  6:58  Supply Depot, SCV x2  
  87  7:03  Marine x2  
  87  7:04  Supply Depot  
  87  7:07  Medivac  
  87  7:08  Medivac  
  93  7:10  Orbital Command  
  93  7:12  Marine  
  93  7:13  Sensor Tower, SCV  
  95  7:17  SCV  
  95  7:20  Barracks Reactor  
  96  7:25  Marine, SCV  
  96  7:28  Barracks Reactor  
  96  7:29  SCV  
  99  7:34  Marine x2  
  99  7:35  SCV, Missile Turret  
  102  7:37  SCV  
  102  7:39  Medivac  
  102  7:41  Medivac, SCV  
  102  7:42  Marine  
  109  7:46  Terran Vehicle Weapons Level 1  
  109  7:51  Supply Depot  
  109  7:54  Marine x2  
  109  7:56  SCV x2  
  109  7:57  SCV  
  109  7:58  Terran Infantry Weapons Level 2  
  114  8:00  Combat Shields  
  114  8:02  Marine x2  
  114  8:04  Terran Infantry Armor Level 2  
  114  8:05  Marine  
  115  8:08  Refinery  
  115  8:09  Marine  
  115  8:10  Refinery  
  115  8:12  Supply Depot  
  117  8:15  Supply Depot, Marine x2  
  117  8:16  Marine  
  120  8:20  Siege Tank  
  120  8:23  Marine x2  
  120  8:26  Marine  
  120  8:27  Marine x2  
  126  8:28  Marine  
  126  8:30  Medivac  
  126  8:32  Supply Depot, Marine  
  126  8:33  Marine  
  132  8:35  Marine  
  132  8:38  SCV x2  
  132  8:41  Marine x2  
  136  8:44  Marine x2  
  139  8:50  SCV  
  139  8:52  Sensor Tower, Marine x2, SCV  
  139  8:54  Siege Tank  
  139  8:55  Marine  
  146  9:01  Command Center  
  146  9:02  Supply Depot  
  147  9:03  Supply Depot  
  147  9:04  Medivac x2  
  147  9:07  Marine  
  147  9:08  Marine  
  147  9:09  Marine  
  154  9:10  Supply Depot  
  154  9:12  Marine  
  154  9:13  Marine x2  
  157  9:18  Marine x2  
  157  9:19  Marine  
  160  9:25  Marine  
  160  9:26  Marine  
  160  9:27  Marine  
  160  9:30  Marine  
  156  9:33  Siege Tank, Marine x2  
  156  9:34  Medivac  
  156  9:36  Marine x2  
  165  9:45  Marine x2  
  165  9:47  Barracks  
  165  9:48  Barracks, Marine  
  165  9:49  Marine  
  165  9:51  Marine  
  170  9:53  Marine x2  
  170  9:58  Marine  
  173  10:00  Marine  
  173  10:03  Marine x2  
  173  10:04  Medivac  
  173  10:06  Marine x2  
  180  10:09  Marine  
  180  10:11  Marine  
  183  10:16  Planetary Fortress  
  182  10:27  Medivac  
  182  10:33  Marine  
  182  10:34  Medivac  
  185  10:40  Barracks Reactor  
  185  10:41  Barracks Reactor  
  185  10:43  Marine  
  185  10:44  Marine x4  
  185  10:49  Siege Tank  
  193  10:51  Marine x3  
  194  11:01  Medivac, Marine  
  194  11:03  Marine x2  
  174  11:11  Marine x2  
  157  11:12  Marine x2  
  157  11:17  Marine  
  157  11:18  Medivac, Marine x2  
  163  11:19  Marine  
  163  11:24  Siege Tank, Marine x3  
  172  11:29  Marine  
  172  11:30  Marine x3  
  176  11:33  Command Center, Marine x2  
  176  11:36  Marine  
  176  11:37  Marine x2  
  176  11:38  Marine  
  182  11:42  Marine x2  
  182  11:43  Marine  
  185  11:47  Marine  
  185  11:51  Marine x2  
  185  11:52  Marine x3  
  185  11:54  Marine  
  190  11:55  Marine x2  
  190  11:57  Marine  
  190  11:59  Marine  
  198  12:04  Marine x2  
Show
View Real Time Build Order
Export as new Build Order

BackupC Terran 

Build Orders: Bio Tank 

Get SALT Encoding   

  12  0:00  SCV  
  13  0:12  SCV  
  14  0:18  Supply Depot  
  14  0:24  SCV  
  15  0:39  SCV  
  15  0:40  Barracks  
  16  0:44  Refinery  
  16  0:51  SCV  
  17  0:59  Barracks  
  17  1:03  SCV  
  18  1:16  SCV  
  19  1:27  Reaper  
  19  1:28  Orbital Command  
  20  1:35  Supply Depot  
  20  1:46  Reaper  
  21  1:53  SCV  
  22  2:03  Reaper  
  22  2:08  SCV  
  24  2:16  Command Center  
  24  2:24  SCV  
  24  2:26  Reaper  
  26  2:30  Supply Depot  
  26  2:32  Refinery  
  26  2:46  Reaper  
  26  2:47  SCV  
  28  3:05  SCV  
  27  3:13  Barracks Tech Lab  
  27  3:16  Factory  
  27  3:17  SCV  
  26  3:28  Marine  
  26  3:31  SCV  
  26  3:32  Orbital Command  
  28  3:34  Marine  
  28  3:35  Stimpack  
  28  3:41  Engineering Bay  
  29  3:43  SCV  
  29  3:45  Marine  
  31  3:52  Marine  
  32  3:55  SCV  
  32  3:59  SCV  
  34  4:03  Starport, Marine  
  34  4:06  Factory Reactor  
  34  4:07  SCV  
  35  4:11  SCV  
  35  4:15  Marine  
  37  4:17  Terran Infantry Weapons Level 1  
  37  4:20  SCV  
  37  4:22  Barracks  
  38  4:26  SCV  
  38  4:28  Barracks Reactor  
  39  4:31  Supply Depot  
  39  4:32  SCV  
  39  4:33  Marine  
  41  4:42  SCV  
  41  4:44  SCV  
  42  4:49  Refinery  
  42  4:50  Factory Tech Lab  
  42  4:52  Marine  
  43  5:02  SCV x2  
  43  5:05  Marine x2  
  43  5:06  Medivac x2  
  51  5:10  Marine  
  51  5:12  Command Center  
  52  5:16  SCV x2  
  52  5:17  Barracks Reactor  
  54  5:23  Marine x2  
  56  5:28  SCV  
  56  5:29  SCV  
  56  5:30  Refinery  
  56  5:32  Supply Depot  
  56  5:34  Missile Turret  
  58  5:37  Marine  
  58  5:39  Combat Shields  
  58  5:40  Marine  
  58  5:41  Marine  
  62  5:50  SCV  
  62  5:54  Supply Depot, SCV  
  63  6:00  Supply Depot  
  63  6:02  Siege Tank  
  66  6:04  Marine x3  
  66  6:05  Marine  
  70  6:15  Marine  
  70  6:18  SCV x2  
  73  6:22  Terran Infantry Armor Level 1  
  73  6:23  Supply Depot  
  73  6:25  Orbital Command  
  73  6:30  SCV x2  
  75  6:35  Siege Tank  
  78  6:41  Marine x4  
  78  6:46  Medivac x2  
  86  6:51  SCV x3  
  89  7:01  Marine x3  
  91  7:02  Barracks, Marine  
  91  7:03  Barracks  
  91  7:04  Marine  
  94  7:13  Siege Tank  
  97  7:16  SCV x3  
  97  7:20  Refinery x2  
  100  7:26  Barracks, Factory  
  100  7:27  Engineering Bay  
  100  7:34  Armory  
  100  7:35  Barracks Reactor  
  100  7:38  Marine x2  
  102  7:44  Marine x2  
  102  7:47  SCV x2  
  106  7:54  Supply Depot  
  106  7:55  Supply Depot  
  106  7:56  Marine x2  
  106  7:58  Barracks Reactor x2  
  108  8:02  Marine  
  108  8:05  Siege Tank  
  112  8:08  Command Center  
  112  8:13  Siege Tank  
  112  8:16  Barracks Reactor  
  115  8:26  Marine x5  
  120  8:27  Marine  
  120  8:28  SCV x2  
  120  8:31  SCV  
  120  8:40  Siege Tank, SCV  
  119  8:47  Terran Infantry Weapons Level 2, Terran Infantry Armor Level 2  
  119  8:48  Marine  
  119  8:51  Siege Tank  
  119  8:52  Marine x2  
  125  8:58  Terran Vehicle Weapons Level 1, SCV x2  
  125  8:59  SCV  
  128  9:10  SCV  
  128  9:11  SCV x2  
  128  9:12  Marine x2  
  128  9:15  Marine  
  133  9:18  Medivac x2  
  133  9:20  Supply Depot  
  133  9:21  Supply Depot  
  133  9:23  SCV x2  
  131  9:34  Siege Tank x2  
  135  9:47  SCV x2  
  135  9:48  Sensor Tower, Medivac x2, Marine, SCV  
  143  9:56  Orbital Command  
  143  9:59  SCV  
  144  10:00  Orbital Command  
  144  10:01  Marine x2  
  145  10:08  Siege Tank x2  
  145  10:11  Marine x2  
  152  10:18  Medivac  
  145  10:22  SCV x2  
  145  10:25  Marine x3  
  150  10:30  Supply Depot  
  150  10:35  SCV x2  
  152  10:39  Marine x4  
  156  10:44  Missile Turret  
  156  10:54  Marine x5  
  153  11:00  Marine x3  
  153  11:01  Marine x4  
  120  11:11  Marine x2  
  120  11:12  Marine x3  
  120  11:18  Marine x4  
  125  11:21  Marine x2  
  125  11:22  Marine  
  131  11:29  Marine x3  
  133  11:34  Marine x2  
  133  11:36  Marine x3  
  138  11:40  Marine x2  
  138  11:41  Marine x2  
  138  11:46  Siege Tank  
  145  11:47  Marine x2  
  145  11:50  Siege Tank  
  150  11:58  Marine x6  
  156  12:02  Marine x3  
Tags
 
Add a new tag
Caveats
  • Supply blocks, unpowered buildings, or Contaminate may cause inaccurate times.
  • Supply counts are checked every 10 seconds.